[Event "Asian Amateur-ch Open 2022"]
[Site "Muscat"]
[Date "2022.10.02"]
[Round "1.1"]
[White "Muhammad Shahzeb"]
[Black "Muhammad Iqtedar Uddin"]
[Result "1-0"]
[ECO "B07"]
[WhiteElo "1992"]
[BlackElo "1426"]
[Annotator "TA"]
[PlyCount "63"]
[EventDate "2022.09.29"]
[EventType "swiss"]
[SourceTitle "playchess.com"]
[Source "ChessBase"]
[SourceQuality "1"]
[TimeControl "5400+30"]

1. e4 d6 2. d4 Nf6 3. Nc3 g6 4. Bg5 Bg7 5. e5 Ng4 (5... Nfd7 $11) 6. h3 $16 {[%emt 0:00:00] B07: Pirc Defence: Miscellaneous Systems.} Nh6 7. Nf3 {[%emt 0:00:00][%cal Bg1f3,Bf3g5,Bg5e6][%mdl 32] [#] White is more active.} f6 $146 ({Predecessor:} 7... O-O 8. Bd3 c5 9. exd6 Qxd6 10. dxc5 Qxc5 11. Bd2 Nc6 12. O-O Nf5 13. Re1 e5 {0-1 (76) Lima,V (1548)-Nobre,J (1661) Sao Paulo 2016}) 8. Bf4 {[%emt 0:00:00] White is better.} Nd7 $2 {[%emt 0:00:00] [#]} (8... fxe5 $16 {was necessary.} 9. dxe5 O-O 10. Bc4+ e6) 9. Qd2 $18 g5 10. exf6 Nxf6 11. Nxg5 ({Resist} 11. Bxg5 $6 Nf7 12. Bd3 Nxg5 $18) 11... Bf5 (11... O-O $142 12. O-O-O c6 13. Bc4+ d5) 12. g4 Bg6 (12... Bc8 13. Bc4 d5) 13. Ne6 Qd7 14. Nxg7+ Kd8 15. Bxh6 c6 16. O-O-O Kc7 17. Bc4 Rac8 18. Be6 Qd8 19. f4 Be4 20. Nxe4 Nxe4 21. Qe3 d5 22. Bf5 {[%emt 0:00:00] [#] aiming for Ne6+.} Kb8 23. Bxe4 Qd6 24. f5 Ka8 25. Bd3 Rc7 26. Bf4 Qd7 27. Bxc7 Qxc7 28. Ne6 Qd6 29. Rde1 Kb8 30. Nc5 {[%emt 0:00:00] White mates.} Re8 31. f6 e6 32. f7 {[%emt 0:00:00] White took control after the opening.  Weighted Error Value: White=0.02 (flawless) /Black=0.60} 1-0

[Event "Asian Amateur-ch Open 2022"]
[Site "Muscat"]
[Date "2022.10.02"]
[Round "1.2"]
[White "Al Mamari, Said Ahmed"]
[Black "Maasarani, Mahmoud"]
[Result "1/2-1/2"]
[ECO "A48"]
[WhiteElo "1422"]
[BlackElo "1991"]
[Annotator "TA"]
[PlyCount "85"]
[EventDate "2022.09.29"]
[EventType "swiss"]
[SourceTitle "playchess.com"]
[Source "ChessBase"]
[SourceQuality "1"]
[TimeControl "5400+30"]

1. d4 Nf6 2. Nf3 g6 3. Bf4 Bg7 4. e3 O-O 5. Be2 d6 6. O-O c6 7. h3 Qb6 8. Qc1 Nbd7 9. c4 {[%emt 0:05:50][%cal Bc2c4,Bc4c5][%mdl 32] A48: 1 d4 Nf6 2 Nf3 g6: Torre, London and Colle Systems.} Re8 10. Nc3 a6 (10... e5 $11 11. Bh2 exd4 12. exd4 c5) 11. Rd1 {[%emt 0:06:09] [#] White is slightly better.} Qa5 $146 ({Predecessor:} 11... e5 12. dxe5 dxe5 13. Bg5 h6 14. Bh4 Nc5 15. Bg3 Nfe4 16. Nxe4 Nxe4 17. Bh2 a5 18. Qc2 {½-½ (18) Podshivalin,G (2129)-Okladnikov,G (2196) Novosibirsk 2007}) 12. a3 b5 13. b4 Qd8 14. c5 d5 15. Qc2 Nf8 16. Ne5 Bf5 17. Bd3 Bxd3 18. Qxd3 Qc8 19. e4 (19. a4 $16) 19... Rd8 20. f3 Ne6 21. Be3 Qc7 22. Qc2 Nf8 (22... a5 $11) 23. Qf2 $16 e6 24. Bf4 {[%emt 0:02:44][%cal Oe5g6] Black must now prevent Nxg6!} Qc8 25. Bg5 {[%emt 0:02:38] aiming for Qh4.} h6 26. Bh4 {[%emt 0:00:11] White is much more active. The black rooks are badly placed.} (26. Be3 $16) 26... g5 $14 27. Bg3 Nh5 28. Bh2 f6 29. Ng4 ({White should try} 29. Nd3 $14) 29... Ng6 ({Black should play} 29... f5 $1 $15 30. Ne5 f4) 30. exd5 exd5 31. Ra2 (31. Qc2 $11 f5 32. Ne5 Nxe5 33. Bxe5) 31... Nhf4 32. Ne2 h5 33. Nxf4 $2 (33. Ne3 $11) 33... gxf4 $19 34. Qc2 Kf7 (34... hxg4 $19 35. Qxg6 g3) 35. Nf2 $14 Re8 36. Nd3 Bh6 {[%emt 0:05:07] [#]} (36... Qf5 $14) 37. Nxf4 $1 $16 Bxf4 38. Bxf4 Qe6 39. Bg3 $36 {[%emt 0:02:48][%mdl 2048] White is in control.} Rg8 (39... a5 $16 {was worth a try.} 40. a4 (40. Re1 Qd7 $16) 40... axb4) 40. Re1 $18 Qd7 41. Qd3 Rg7 (41... h4 {keeps fighting.}) 42. Kh2 {[%emt 0:00:28] Hoping for Rae2.} Rag8 (42... Ne7 {is a better defense.} 43. Bf4 h4) 43. Rae2 {[%emt 0:00:39][%mdl 32768] White used his chance.  Weighted Error Value: White=0.35/Black=0.41. An unexpected result.} 1/2-1/2

[Event "Asian Amateur-ch Open 2022"]
[Site "Muscat"]
[Date "2022.10.02"]
[Round "1.4"]
[White "Ahmed Waqqas, Alawlaqi"]
[Black "Owlad, Ehsan"]
[Result "0-1"]
[ECO "A07"]
[WhiteElo "1417"]
[BlackElo "1962"]
[Annotator "TA"]
[PlyCount "76"]
[EventDate "2022.09.29"]
[EventType "swiss"]
[SourceTitle "playchess.com"]
[Source "ChessBase"]
[SourceQuality "1"]
[TimeControl "5400+30"]

1. Nf3 Nf6 2. g3 d5 3. Bg2 Bf5 4. d3 Nbd7 5. Nbd2 e5 6. O-O Bc5 {[%emt 0:01:15] A07: Réti Opening: New York and Capablanca Systems.} 7. Nh4 Be6 8. c3 c6 {[%emt 0:00:55] Black has an edge.} 9. e4 O-O 10. Qc2 dxe4 11. dxe4 a5 {[%emt 0:03:25] [#]} 12. Rd1 $146 (12. Nf5 $15) ({Predecessor:} 12. Nhf3 h6 13. h3 Nh5 14. Kh2 Qf6 15. b3 Rfd8 16. Bb2 Bxf2 17. Rxf2 Nxg3 {1-0 (43) Ubeira Martinez,E (2022)-Lorenzo Duran,M (2215) Burgas 1999}) 12... Qb6 $2 ({Better is} 12... Ng4 $1 $19 13. Rf1 Qb6) 13. Ndf3 (13. Nb3 $11) 13... Ng4 {[%emt 0:02:19] And now ...Ndf6 would win.} 14. Rd2 Rfd8 {[%emt 0:06:47] Black has more active pieces.} 15. h3 Ngf6 (15... Nxf2 $1 $17 16. Rxf2 Nf6) 16. Ng5 $15 Bc4 17. b3 Ba6 (17... h6 $5 18. Ngf3 Be6 $11) 18. Nf5 Nf8 (18... Bf8 $11 {remains equal.}) 19. Bf1 ({Only move:} 19. b4 $1 $16 axb4 20. Qb3) 19... Rxd2 {[%emt 0:01:29] Really sharp!} 20. Qxd2 (20. Bxd2 $11 {keeps the balance.} h6 21. Nf3) 20... h6 $1 $17 21. Bxa6 bxa6 ({Black should try} 21... Qxa6 $17 22. b4 hxg5 23. bxc5 Ne6) 22. Nf3 $11 Nxe4 23. Qe2 Nxf2 {[%emt 0:04:32] Threatens to win with ...Ng6.} ({But not} 23... Bxf2+ 24. Kg2 Bxg3 25. Nxg3 Nxg3 26. Qxe5 $16 (26. Kxg3 Ng6 $14)) 24. Kg2 (24. Kh2 $1 $11) 24... e4 $2 (24... Ng6 $1 $15) 25. N3d4 $16 Bxd4 (25... Nd3 $142) 26. cxd4 Nd3 {[%emt 0:02:19] [#]} 27. Qg4 (27. Bxh6 $1 $16 gxh6 28. Nxh6+ (28. Qxe4 Qb5 $11) 28... Kg7 29. Nf5+ Kg8 30. Ne7+ Kg7 31. Nf5+ Kg8 32. Nh6+ Kg7 33. Nf5+) 27... Ng6 $11 {[%emt 0:03:00] ...Ne1+ is the strong threat.} 28. Qxe4 Qb5 29. Bd2 Rd8 30. Rf1 Nb4 {[%emt 0:01:25] Pair of Knights!} (30... c5 $15) 31. a3 (31. h4 $14) 31... Nd5 32. Qf3 (32. h4 $1 $11) 32... Rd7 (32... Ndf4+ $5 33. Bxf4 Qxf5 $17) 33. Bxh6 gxh6 $19 34. Nxh6+ (34. Kg1 $142) 34... Kg7 35. Nf5+ Kg8 {[%emt 0:04:57][%cal Od5f4] White must now prevent ...Ndf4+!} 36. Nh6+ {[%emt 0:00:18] [#]} Kh7 (36... Kf8 $1 $19 {[%cal Od5f4] aiming for ...Ndf4+!} 37. Kh2 f6) 37. Nxf7 $2 (37. a4 $17 Qb6 38. Nf5) 37... Ndf4+ 38. gxf4 $2 (38. Kh2 $19 Rxf7 39. a4) 38... Nh4+ {[%emt 0:00:11] Weighted Error Value: White=0.60/Black=0.44} 0-1

[Event "Asian Amateur-ch Open 2022"]
[Site "Muscat"]
[Date "2022.10.02"]
[Round "1.5"]
[White "Mohammed Tareq Abbood Al-Latoo"]
[Black "Osama, Abuhmeidan"]
[Result "1-0"]
[ECO "B50"]
[WhiteElo "1957"]
[BlackElo "1416"]
[Annotator "TA"]
[PlyCount "59"]
[EventDate "2022.09.29"]
[EventType "swiss"]
[SourceTitle "playchess.com"]
[Source "ChessBase"]
[SourceQuality "1"]
[TimeControl "5400+30"]

1. e4 c5 2. Nf3 Nc6 3. Bc4 d6 4. c3 Nf6 5. d3 Bg4 (5... e6 $11 {keeps the balance.}) 6. Qb3 $16 {[%emt 0:00:57][%csl LRb7,LRf7] B50: Sicilian: 2...d6, Miscellaneous.} d5 (6... Qb6 $16 {keeps fighting.}) 7. exd5 $18 (7. Qxb7 dxc4 8. Qxc6+ Bd7 9. Qxc5 cxd3) 7... Na5 8. Qa4+ (8. Bb5+ $18 Bd7 9. Qa4) 8... Bd7 9. Bb5 {[%emt 0:00:20] [#]} Qc7 $146 (9... b6 {is a better defense.} 10. b4 (10. Ne5 a6 $16) 10... Nb7) ({Predecessor:} 9... b6 10. Ne5 a6 11. Bxd7+ Nxd7 12. Nxd7 Qxd7 13. Qxd7+ Kxd7 14. c4 e6 15. Nc3 Bd6 {1-0 (44) Blomqvist,E (2514)-Seo,J (1852) Stockholm 2015}) 10. Bf4 Qb6 11. Bxd7+ Nxd7 12. b4 ({Don't play} 12. Ne5 Rd8 13. O-O g5 14. Bxg5 f6 15. Nxd7 Rxd7 $18) 12... e5 (12... cxb4 $142 13. Be3 Qg6) 13. Nxe5 {[%emt 0:03:01][%csl Ge5][%cal Ra4d7] [#]} Rd8 14. Qxa5 Nxe5 15. Qxb6 ({Don't do} 15. Bxe5 Rxd5 16. Bg3 Rxd3 $18) 15... Nxd3+ 16. Kd2 {[%emt 0:00:19][%cal Be1d2,Bd2d3,Bd3c4][%mdl 32] White is clearly winning.} axb6 17. Kxd3 Rxd5+ 18. Kc4 Rf5 19. Re1+ Kd7 20. Rd1+ Ke6 21. Bg3 Be7 22. Nd2 cxb4 23. cxb4 Rc8+ 24. Kb3 Rd5 25. Nc4 {[%emt 0:02:43] [#] aiming for Rxd5.} Rxd1 26. Rxd1 Bf6 27. Nxb6 Rc6 28. Nc4 b5 29. Rd6+ Rxd6 30. Nxd6 {[%emt 0:00:03] Black did not feel at home in the position after the opening.  Weighted Error Value: White=0.41/Black=0.67} 1-0

[Event "Asian Amateur-ch Open 2022"]
[Site "Muscat"]
[Date "2022.10.02"]
[Round "1.6"]
[White "Abdulla Younes Alkhemeiri"]
[Black "Salim Mohammed, Salim Al Amri"]
[Result "0-1"]
[ECO "A53"]
[WhiteElo "1405"]
[BlackElo "1952"]
[Annotator "TA"]
[PlyCount "44"]
[EventDate "2022.09.29"]
[EventType "swiss"]
[SourceTitle "playchess.com"]
[Source "ChessBase"]
[SourceQuality "1"]
[TimeControl "5400+30"]

1. d4 Nf6 2. c4 d6 3. Nc3 c6 4. e4 Qa5 5. Bd3 e5 6. d5 {[%emt 0:00:53] A53: Old Indian Defence without Nf3.} Nbd7 7. Be3 Nc5 8. Bxc5 {[%emt 0:03:41] White is slightly better.} Qxc5 9. h3 {[%emt 0:03:27] [#]} b5 $146 (9... g6 $11) ({Predecessor:} 9... Bd7 10. a3 cxd5 11. cxd5 Be7 12. Nf3 O-O 13. O-O Rac8 14. Rc1 Qb6 15. Qe2 a6 {0-1 (35) D'Agostini,R-De Carolis,M Italy 1997}) 10. Qb3 (10. cxb5 $14 cxd5 11. exd5) 10... bxc4 (10... cxd5 $1 $11 11. cxd5 Bd7) 11. Bxc4 $14 {[%emt 0:02:28] And now dxc6 would win.} Be7 12. dxc6 O-O {[%emt 0:01:46] [#]} 13. Nd5 (13. Nge2 $1 $16) 13... Nxd5 (13... Nxe4 $2 14. Nxe7+ Kh8 15. Qc2 $16) 14. Bxd5 Ba6 15. Qc3 Qb5 16. O-O-O Rab8 17. b3 ({White should try} 17. Nf3 $16) 17... Rfc8 18. Qf3 $2 (18. Kb1 $14 {keeps the upper hand.}) 18... Rxc6+ $17 19. Bxc6 $2 {[%emt 0:06:31] This costs White the game.} (19. Kb1 $17 Rc7 20. Qe3 (20. Qxf7+ $2 Kh8 $19)) 19... Qxc6+ $19 {[%emt 0:00:14] Black is clearly winning.} ({Wrong is} 19... Rc8 $2 20. Ne2 Qxe2 21. Qxe2 Bxe2 22. Rde1 Rxc6+ 23. Kb2 $19) 20. Kd2 Rc8 21. Ke1 d5 {[%emt 0:00:14] [#] ( -> ...Bb4+)} 22. Ne2 Qc2 {[%emt 0:02:16] Weighted Error Value: White=1.12/Black=0.13 (very precise)} 0-1

[Event "Asian Amateur-ch Open 2022"]
[Site "Muscat"]
[Date "2022.10.02"]
[Round "1.7"]
[White "Alharthi, Ahmed Mohammed A"]
[Black "Al Dhiyabi, Yousuf"]
[Result "1-0"]
[ECO "D02"]
[WhiteElo "1950"]
[BlackElo "1393"]
[Annotator "TA"]
[PlyCount "91"]
[EventDate "2022.09.29"]
[EventType "swiss"]
[SourceTitle "playchess.com"]
[Source "ChessBase"]
[SourceQuality "1"]
[TimeControl "5400+30"]

1. d4 d5 2. Bf4 Nf6 3. e3 c6 4. Nf3 Bg4 5. Be2 Nbd7 6. h3 {[%emt 0:00:54] D02: 1 d4 d5 2 Nf3 sidelines, including 2...Nf6 3 g3 and 2...Nf6 3 Bf4.} Bh5 7. Nbd2 e6 8. O-O {[%emt 0:00:35] White is slightly better.} Be7 9. c4 {[%emt 0:02:32] [#]} b6 $146 (9... O-O $11 {remains equal.}) ({Predecessor:} 9... O-O 10. Rc1 a5 11. Bd3 Bg6 12. Bxg6 hxg6 13. Qe2 a4 14. Rfd1 Qb6 15. Rc2 dxc4 16. Nxc4 {1-0 (33) Harika,D (2517)-Przybylski,W (2321) Chess.com INT 2021}) 10. cxd5 Nxd5 11. Bh2 b5 12. Rc1 Rc8 13. Ne4 N7f6 (13... O-O $14) 14. Nc5 $16 Bxf3 15. Bxf3 O-O 16. Qe2 Nd7 17. Nd3 {[%emt 0:03:54] White is more active.} Qb6 18. e4 N5f6 19. d5 cxd5 20. exd5 a6 $2 (20... Bd6 $16) 21. Rxc8 (21. Rc6 $18 {is more deadly.} Rxc6 22. dxc6) 21... Rxc8 {[%emt 0:00:11] [#]} 22. Re1 (22. dxe6 $1 $16 fxe6 23. Bg3 (23. Re1 Nf8 $16)) 22... Nc5 ({Black should play} 22... Nf8 $14) 23. Nxc5 ({White should try} 23. Qe3 $16) 23... Bxc5 $14 24. dxe6 fxe6 (24... Re8 $1 $14 25. Qd2 (25. exf7+ Kxf7 26. Be5 Bd4 $17) 25... Rxe6) 25. Qxe6+ $16 Qxe6 26. Rxe6 Bd4 {[%emt 0:02:04] [#] ( -> ...Rc1+)} 27. Bf4 {[%emt 0:02:30] Prevents Rc1+.} Bxb2 (27... Rc2 $16) 28. Rxa6 $18 b4 29. g4 h6 30. h4 Bc3 (30... Bc1 $142) 31. g5 hxg5 32. hxg5 Nh7 33. Bd5+ Kh8 34. Re6 Nf8 35. Re3 Kh7 36. Bf7 g6 37. Re7 {[%emt 0:00:04] Strongly threatening Be6+.} Kh8 38. Bb3 Ra8 39. Rf7 (39. Bc7 $142 Bg7 40. f4) 39... Rd8 40. Bc7 Re8 41. Bd6 Ne6 42. Be7 {[%emt 0:03:11] This bishop pair is nice.} Nd8 (42... Ng7 43. Kf1 Nf5) 43. Bf6+ {[%emt 0:01:36] White is clearly winning.} Bxf6 44. Rxf6 Kg7 45. f4 Rf8 (45... Re2 $142 46. Rd6 Re8) 46. Rd6 {[%emt 0:00:25] Weighted Error Value: White=0.23 (precise) /Black=0.44} 1-0

[Event "Asian Amateur-ch Open 2022"]
[Site "Muscat"]
[Date "2022.10.02"]
[Round "1.8"]
[White "Humaidan Mohamed, Alzaabi"]
[Black "Rafee, Mohd Hayel"]
[Result "1-0"]
[ECO "B51"]
[WhiteElo "1393"]
[BlackElo "1941"]
[Annotator "TA"]
[PlyCount "99"]
[EventDate "2022.09.29"]
[EventType "swiss"]
[SourceTitle "playchess.com"]
[Source "ChessBase"]
[SourceQuality "1"]
[TimeControl "5400+30"]

1. e4 c5 2. Nf3 d6 3. Bb5+ Nd7 4. O-O a6 5. Bxd7+ Bxd7 6. d4 cxd4 7. Qxd4 e5 8. Qd3 Be7 {[%emt 0:01:00] B51: Sicilian: Moscow Variation (3 Bb5+) without 3...Bd7.} 9. c4 Rc8 10. Nc3 Nf6 {[%emt 0:01:22] White is slightly better.} 11. Bg5 Be6 {[%emt 0:00:40] [#]} 12. Nd2 $146 ({Predecessor:} 12. b3 Nd7 13. Bxe7 Qxe7 14. Rfd1 Rc6 15. Nd5 Bxd5 16. Qxd5 O-O 17. Nd2 Nc5 18. Nf1 {½-½ (35) Zhao,J (2583)-Xiu,D (2492) Beijing 2012}) 12... Qc7 13. Bxf6 Bxf6 14. Nd5 Bxd5 15. exd5 O-O 16. Rac1 Bg5 17. Rc3 f5 18. Qe2 e4 19. Nb3 Bf6 {[%emt 0:00:50] Inhibits Nd4.} 20. Rc2 Qe7 21. Re1 Be5 22. Na5 ({White should play} 22. g3 $15) 22... Rf6 $17 {[%emt 0:07:11][%cal Oe5h2] Hoping for ...Bxh2+!} (22... Qh4 $6 23. g3 Qh3 24. Qf1 $11) 23. g3 Qc7 (23... Qf7 $17 {...Rf8 is the strong threat.} 24. Nb3 Rf8) 24. b4 $11 Qb6 25. a3 f4 $2 (25... Rcf8 $11 {and Black has nothing to worry.}) 26. Qxe4 $18 {[%emt 0:02:26][%cal Oc4c5] Strongly threatening c5!} fxg3 27. hxg3 Bd4 (27... Bxg3 $2 28. c5 dxc5 29. Nc4 $18) 28. Kg2 Bxf2 $2 (28... Rxf2+ $2 29. Rxf2 Be5 30. c5 $18) (28... Rcf8 29. f4 R6f7) 29. Qg4 $2 (29. c5 $18 dxc5 30. Nc4) 29... Rcf8 $1 $11 (29... Bxe1 $2 30. Qxc8+ Rf8 31. Qe6+ Kh8 32. Qxe1 $18) 30. Re6 {[%emt 0:00:11] Dancing on a razor blade.} R6f7 ({Black should try} 30... Bxg3 $11 31. Kxg3 h5) 31. c5 {[%emt 0:00:41] Active counter play!} (31. Ree2 $14) 31... Qc7 $2 {[%emt 0:01:31][%mdl 8192] [#]} (31... Qb5 $11 32. Nc4 h5) 32. Rxd6 $2 (32. Nc4 $1 $18 dxc5 33. Ne5) 32... Bxc5 $14 33. bxc5 Qxa5 34. Rd7 (34. Qb4 $14 {feels stronger.} Qc7 35. Qe4) 34... Qe1 $2 {[%emt 0:13:37][%mdl 8192] Black is on the road to losing.} (34... Rxd7 $11 {and Black stays safe.} 35. Qxd7 Qe1 36. Qe6+ Qxe6 37. dxe6 Re8) 35. Rxf7 $18 ({Worse is} 35. Qe6 Qxe6 36. dxe6 Rxd7 37. exd7 Rd8 $11) 35... Rxf7 36. Qe2 {[%emt 0:00:52] Against Qf1+} Qxe2+ 37. Rxe2 {[%emt 0:00:01][%mdl 4096] Endgame KR-KR} Rf5 $2 {[%emt 0:00:01] [#]} (37... g5 38. d6 g4) 38. d6 $1 Rd5 39. Re7 Kf8 40. Rc7 $2 (40. Rxb7 Rd2+ 41. Kh3) 40... h5 $2 (40... Ke8 41. Kf3 (41. Rxb7 Rxc5 42. Re7+ Kd8 $11) 41... Rf5+ 42. Ke4 Rf7) 41. Kf3 (41. Rxb7 $142 Rd2+ 42. Kf3) 41... Rd3+ 42. Ke4 Rd1 43. Rxb7 Ke8 44. Rxg7 {[%emt 0:00:09] White mates.} Rd2 45. Ke5 Rd1 46. Ke6 Re1+ 47. Kd5 Rd1+ 48. Kc6 Rd2 49. d7+ Kd8 50. Rg8+ {[%emt 0:04:51] Weighted Error Value: White=0.44/Black=0.71} 1-0

[Event "Asian Amateur-ch Open 2022"]
[Site "Muscat"]
[Date "2022.10.02"]
[Round "1.9"]
[White "Thapa, Krishna"]
[Black "Almuhaini, Abdulaziz"]
[Result "1-0"]
[ECO "E01"]
[WhiteElo "1928"]
[BlackElo "1392"]
[Annotator "TA"]
[PlyCount "61"]
[EventDate "2022.09.29"]
[EventType "swiss"]
[SourceTitle "playchess.com"]
[Source "ChessBase"]
[SourceQuality "1"]
[TimeControl "5400+30"]

1. d4 d5 2. Nf3 e6 3. g3 Nf6 4. Bg2 c5 5. O-O cxd4 6. Nxd4 Nc6 7. c4 Bc5 8. Nxc6 bxc6 9. Qc2 $1 {[%emt 0:02:59] [#] cxd5 is the strong threat. The main line 9.Qc2 scores better than 9.Nc3. E01: Catalan: Early deviations.} Qe7 10. Bg5 {[%emt 0:02:14] [#]} ({White should play} 10. cxd5 $1 $14 cxd5 11. e4) 10... Bb6 $146 (10... Rb8 $11) ({Predecessor:} 10... O-O 11. e4 h6 12. Bxf6 Qxf6 13. exd5 Rb8 14. Nc3 cxd5 15. cxd5 Bd4 16. Rac1 Rd8 {½-½ (44) Chatalbashev,B (2529)-Praggnanandhaa,R (2642) Stavanger 2022}) 11. cxd5 $18 {[%emt 0:03:29] White has a decisive advantage.} O-O 12. dxc6 Ba6 13. Nc3 Rac8 $2 (13... Qc5 14. Be3 Qa5 15. Bxb6 Qxb6) 14. Qa4 {[%emt 0:00:18] White is clearly winning.} Bxe2 15. Nxe2 h6 16. Bxf6 Qxf6 17. Nc3 Rfd8 18. Rad1 Rxd1 19. Qxd1 g6 20. Qf3 Qe5 21. Qe2 Qf5 22. Na4 Bd4 23. Qd2 Bg7 24. Qd7 e5 25. Bh3 Qxd7 26. Bxd7 Rc7 27. Nc5 Kf8 28. Na6 Rxd7 29. cxd7 {[%emt 0:00:02][%cal Rd7d8] [#]} Ke7 30. Rd1 Kd8 31. Nb4 {[%emt 0:00:00] Black did not feel at home in the position after the opening.  Weighted Error Value: White=0.24 (precise) /Black=0.79} 1-0

[Event "Asian Amateur-ch Open 2022"]
[Site "Muscat"]
[Date "2022.10.02"]
[Round "1.10"]
[White "Al Rusheidi, Omer"]
[Black "Fooladi, Behrooz"]
[Result "0-1"]
[ECO "E60"]
[WhiteElo "1387"]
[BlackElo "1928"]
[Annotator "TA"]
[PlyCount "44"]
[EventDate "2022.09.29"]
[EventType "swiss"]
[SourceTitle "playchess.com"]
[Source "ChessBase"]
[SourceQuality "1"]
[TimeControl "5400+30"]

1. d4 Nf6 2. c4 g6 3. b3 Bg7 4. Bb2 O-O 5. Nf3 Ne4 6. e3 {[%emt 0:00:29] E60: King's Indian: Unusual lines and Fianchetto Variation without Nc3.} c5 7. Bd3 d5 {[%emt 0:00:14] [#]} 8. Qc2 $146 ({White should try} 8. O-O $11) ({Predecessor:} 8. cxd5 Qxd5 9. Qc2 Bf5 10. Bc4 Qd7 11. Bd3 Qd5 12. Bc4 Qd7 13. Qe2 Nc6 14. d5 {1-0 (44) Nakamura,H (2736)-Avila Pavas,S (2373) Chess.com INT 2021}) 8... Nc6 $1 $15 {[%emt 0:02:05] Black is more active.} 9. cxd5 (9. a3 $15 Bf5 10. O-O) 9... Nb4 $17 10. Qc4 {[%emt 0:00:42][%mdl 8192] [#]} (10. Qd1 $17 {is a better defense.} Nxd3+ 11. Qxd3 Qxd5 12. O-O) 10... b5 $1 $19 ({Worse is} 10... Nxd3+ 11. Qxd3 Qxd5 12. O-O $17) 11. Qxb4 ({Inferior is} 11. Qxb5 Nd6 12. Qxb4 cxb4 $19) 11... cxb4 12. Bxe4 Bb7 13. O-O Bxd5 14. Nbd2 Rc8 15. Rac1 Rxc1 {[%emt 0:02:39] Black is clearly winning.} 16. Rxc1 Bxe4 17. Nxe4 Qa5 18. Nc5 (18. Ra1 $142) 18... Qxa2 19. Ba1 Rc8 {[%emt 0:00:18] aiming for ...a5.} 20. g3 a5 21. Kf1 a4 22. Ke1 axb3 {[%emt 1:22:16] Black took control after the opening.  Weighted Error Value: White=1.27/Black=0.08 (flawless)} 0-1

[Event "Asian Amateur-ch Open 2022"]
[Site "Muscat"]
[Date "2022.10.02"]
[Round "1.11"]
[White "Zahmati, Sobhan"]
[Black "Darshan Rajmohan"]
[Result "1-0"]
[ECO "A11"]
[WhiteElo "1926"]
[BlackElo "1383"]
[Annotator "TA"]
[PlyCount "45"]
[EventDate "2022.09.29"]
[EventType "swiss"]
[SourceTitle "playchess.com"]
[Source "ChessBase"]
[SourceQuality "1"]
[TimeControl "5400+30"]

1. Nf3 d5 2. c4 c6 3. g3 Nf6 4. Bg2 dxc4 5. O-O b5 6. d3 {[%emt 0:01:37] A11: English Opening: 1...c6.} cxd3 7. Ne5 dxe2 (7... Qc7 $11 8. Nxd3 e5) 8. Qxe2 $16 {[%emt 0:02:24] [#] Hoping for Rd1. White is clearly better.} Bb7 {[%emt 0:00:00] [#]} (8... e6 $16) 9. a4 $146 (9. Rd1 $18 {is more deadly.} Qc8 10. Nc3) ({Predecessor:} 9. Rd1 Qb6 10. Be3 Qa6 11. Nd2 e6 12. Nb3 Nd5 13. Bc5 Bxc5 14. Nxc5 Qb6 15. Rac1 {1-0 (63) Shuvalov,E (2182)-Krysa,L (2525) Chess.com INT 2022}) 9... a6 $2 (9... b4 $16) 10. Rd1 $40 {[%emt 0:25:38][%mdl 128] White attacks with force.} Qc7 (10... Qc8 $142 11. Nc3 e6) 11. Bf4 Qc8 12. Nc3 g6 (12... e6 $142 13. axb5 Be7) 13. axb5 {[%emt 0:05:28] aiming for Qc4.} cxb5 {[%emt 0:00:00] [#]} 14. Nxb5 $1 Bxg2 (14... axb5 15. Qxb5+) 15. Rac1 Bc6 16. Nxc6 {[%emt 0:00:19] White mates.} Nxc6 17. Nd6+ Kd8 18. Nxf7+ Ke8 19. Nd6+ Kd8 20. Nxc8+ Kxc8 21. Qe6+ Kb7 22. Qxc6+ Ka7 23. Qc7# {[%emt 0:00:03] Black did not feel at home in the position after the opening.  Weighted Error Value: White=0.17 (very precise) /Black=0.89} 1-0